 Dungeon Crawl Stone Soup version 0.15.2 (webtiles) character file.

207 theanonym the Slasher (level 5, 0/34 HPs)
             Began as a High Elf Death Knight on Dec 6, 2018.
             Was a Believer of Yredelemnul.
             Succumbed to a worker ant's poison
             ... on Level 3 of the Dungeon.
             The game lasted 00:09:27 (4704 turns).

theanonym the Slasher (High Elf Death Knight)       Turns: 4704, Time: 00:09:28

HP   0/34        AC  9     Str 13      XL: 5   Next: 54%
MP  20/20        EV  9     Int 15      God: Yredelemnul [**....]
Gold 95          SH  4     Dex 19      Spells:  0 memorised,  4 levels left

rFire  . . .     SeeInvis .     a - +1 falchion
rCold  . . .     Clarity  .     r - +0 chain mail
rNeg   + . .     rCorr    .     y - +0 buckler
rPois  .         rRot     .     (no helmet)
rElec  .         Spirit   .     u - +0 cloak
SustAb .         Warding  .     (no gloves)
rMut   .         Stasis   .     (no boots)
Gourm  .                        (no amulet)
MR     .....                    k - ring of positive energy
                                x - ring of magical power

@: agile, lethally poisoned, not resistant to hostile enchantments, extremely
unstealthy
A: no striking features
a: Animate Remains, Recall Undead Slaves, Injury Mirror, Renounce Religion


   Skills:
 - Level 2.0 Fighting
 + Level 6.7 Long Blades
 - Level 0.8 Armour
 - Level 1.1 Dodging
 + Level 1.3 Shields
 - Level 3.0 Invocations


You had 4 spell levels left.
You didn't know any spells.

Action                   |  1- 3 |  4- 6 || total
-------------------------+-------+-------++-------
Melee: Falchion          |   129 |   166 ||   295
Invok: Animate Remains   |    14 |    18 ||    32
Evoke: Wand              |       |     1 ||     1
  Use: Potion            |       |     4 ||     4
 Stab: Distracted        |       |     1 ||     1
       Paralysed         |       |     4 ||     4
  Eat: Chunk             |     7 |     6 ||    13
       Royal jelly       |       |     1 ||     1

Inventory:

Hand weapons
 a - a +1 falchion (weapon)
Armour
 b - a +0 leather armour
 r - a +0 chain mail (worn)
   (You took it off Ijyb on level 3 of the Dungeon)
 u - a +0 cloak (worn)
   (You took it off Crazy Yiuf on level 3 of the Dungeon)
 y - a +0 buckler (worn)
   (You found it on level 3 of the Dungeon)
Magical devices
 p - a wand of paralysis (0)
   (You took it off Ijyb on level 3 of the Dungeon)
Comestibles
 c - 2 bread rations
 d - 3 meat rations
 f - 2 beef jerkies
Scrolls
 e - a scroll of enchant armour {unknown}
 g - a scroll of random uselessness {unknown}
 m - 4 scrolls of identify {unknown}
 q - 3 scrolls of enchant weapon {unknown}
 v - 2 scrolls of fear {unknown}
 w - a scroll of remove curse {unknown}
Jewellery
 k - a ring of positive energy (right hand)
   (You found it on level 1 of the Dungeon)
 x - a ring of magical power (left hand)
   (You found it on level 3 of the Dungeon)
Potions
 h - a potion of heal wounds {unknown}
 i - a potion of restore abilities
 j - a potion of cure mutation
 l - a potion of lignification {unknown}
 n - 2 potions of haste
 s - a potion of curing {unknown}
 t - a potion of poison {unknown}


You were on level 3 of the Dungeon.
You worshipped Yredelemnul.
Yredelemnul was pleased with you.
You were not hungry.

You visited 1 branch of the dungeon, and saw 4 of its levels.

You collected 95 gold pieces.

Dungeon Overview and Level Annotations

Branches:
Dungeon (4/15)
 Temple: D:4-7

Altars:

.#####..Z.#.# #.# #Z#
.##.........# ##.# #Z#
.#...#.####.# #..# #Z# # .......#
#.# #.## #Z# # .......####.# #.#
#.# # ......<.....# ##.## #.# #
.......########...## #Z# #
.....Z##...(....#..##########.# #
.......Z.######.@........ZZ...###
..######## ##a###############(
..# #######g### #. ..#
#.........# #. ..# #..######.# #.
..# #Z.# #.# #. .Z########.Z# #.#
#. .Z..[......Z# #.# #.
Z##########.# ##.####### #.


You could see a worker ant and a hobgoblin.

Notes
Turn   | Place    | Note
--------------------------------------------------------------
     0 | D:1      | theanonym, the High Elf Death Knight, began the quest for the Orb.
     0 | D:1      | Reached XP level 1. HP: 14/14 MP: 3/3
     0 | D:1      | theanonym: вот смотри ты бы чё качал?
     0 | D:1      | DEFE: только лонги
     0 | D:1      | theanonym: я мечи до 14 потом броню начинаю, и всё время файтинг
     0 | D:1      | DEFE: файтинг нинажо
     0 | D:1      | theanonym: хп немного повышает
     0 | D:1      | DEFE: нинужно
    29 | D:1      | HP: 6/14 [kobold/short sword (4)]
   286 | D:1      | DEFE: файтинг повышает хп в зависимости от уровня
   295 | D:1      | HP: 6/14 [jackal (2)]
   297 | D:1      | Reached skill level 3 in Long Blades
   399 | D:1      | DEFE: поэтому на нихких уровнях нет смысла его качать
   540 | D:1      | DEFE: слишком малая прибавка
   813 | D:1      | Reached XP level 2. HP: 17/19 MP: 4/4
  1408 | D:1      | Reached skill level 4 in Long Blades
  1580 | D:1      | HP: 8/19 [kobold/club (3)]
  1582 | D:1      | Reached XP level 3. HP: 10/24 MP: 7/7
  1928 | D:1      | DEFE: а сколько пиети надо для вампирика?
  1946 | D:2      | DEFE: ??yred
  1946 | D:2      | beem: yredelemnul[1/5]: God of the death knights. Grants the following invocations: reanimate monsters as zombies (single and multi-target versions), recall friendly undead, injury mirror, area of effect vampiric draining, and enslave soul (see next entry). Also gifts undead pets.
  1946 | D:2      | theanonym: где-то на леир-1 было уже
  1950 | D:2      | DEFE: ??vampiric drain
  1952 | D:1      | beem: vampiric drain ~ vampiric draining[1/1]: L3 necro melee spell; does 2 + 2d9/2 + (d(pow)-1) / 7 damage. Will not deal more damage than the hp you're missing. Heals you for half dealt damage. It never misses. Cannot be cast on monsters with rN, unless they're invisible to you, in which case casting on them will do nothing.
  1953 | D:1      | HP: 9/24 [giant gecko (4)]
  2309 | D:2      | Acquired Yredelemnul's second power
  2375 | D:2      | Reached skill level 5 in Long Blades
  2686 | D:2      | theanonym: вообще это самый сильный бог в первую половину игры мне кажется
  2686 | D:2      | theanonym: так что дк неплохой класс был
  2689 | D:2      | Reached XP level 4. HP: 26/29 MP: 9/9
  2745 | D:2      | HP: 14/29 [poisoned by an adder]
  2753 | D:2      | HP: 13/29 [poisoned by an adder]
  3102 | D:2      | HP: 14/29 [poisoned by an adder]
  3108 | D:2      | HP: 12/29 [poisoned by an adder]
  3114 | D:2      | HP: 10/29 [poisoned by an adder]
  3122 | D:2      | HP: 9/29 [poisoned by an adder]
  3385 | D:3      | DEFE: да
  3394 | D:3      | Noticed Ijyb
  3398 | D:3      | DEFE: лол
  3398 | D:3      | DEFE: у него там палка хасты
  3398 | D:3      | DEFE: что ли
  3398 | D:3      | DEFE: что в логе писало
  3398 | D:3      | theanonym: не банка
  3398 | D:3      | DEFE: увы
  3403 | D:3      | Paralysed by Ijyb for 2 turns
  3407 | D:3      | Paralysed by Ijyb for 4 turns
  3412 | D:3      | HP: 12/29 [goblin (3)]
  3415 | D:3      | Killed Ijyb
  3443 | D:3      | DEFE: чейн
  3798 | D:3      | Reached skill level 6 in Long Blades
  4064 | D:3      | DEFE: баклер включи
  4067 | D:3      | DEFE: в скиллах
  4067 | D:3      | DEFE: сколько ему там надо
  4067 | D:3      | theanonym: 4
  4067 | D:3      | DEFE: в 0.15
  4145 | D:3      | DEFE: мне кажется чуть больше
  4148 | D:3      | Reached XP level 5. HP: 34/34 MP: 11/11
  4159 | D:3      | HP: 15/34 [orc/flail (5)]
  4161 | D:3      | DEFE: а может и нет
  4165 | D:3      | Your ally Ijyb died
  4185 | D:3      | HP: 13/34 [something (2)]
  4195 | D:3      | HP: 7/34 [orc/mace (2)]
  4204 | D:3      | DEFE: ну ты че
  4250 | D:3      | DEFE: врубил бы зеркало
  4462 | D:3      | theanonym: оно же пиети тратит, я почти никогда не использовла
  4521 | D:3      | DEFE: оно тратит только если работает
  4598 | D:3      | Noticed Crazy Yiuf
  4608 | D:3      | Killed Crazy Yiuf
  4608 | D:3      | Reached skill level 1 in Shields
  4688 | D:3      | HP: 17/34 [poisoned by a worker ant]
  4693 | D:3      | HP: 5/34 [worker ant (5)]
  4700 | D:3      | HP: 2/34 [poisoned by a worker ant]
  4702 | D:3      | DEFE: пй
  4702 | D:3      | DEFE: поты
  4703 | D:3      | DEFE: чего ты тратишь время
  4704 | D:3      | Succumbed to a worker ant's poison

Vanquished Creatures
  Crazy Yiuf (D:3)
  An orc wizard (D:3)
  Ijyb (D:3)
  4 adders
  A worm (D:2)
  2 giant geckos
  8 orcs (D:3)
  4 bats
  A giant cockroach (D:1)
  8 goblins
  11 hobgoblins
  A quokka (D:3)
  6 giant newts
  8 jackals
  7 kobolds
  10 rats
74 creatures vanquished.

Vanquished Creatures (collateral kills)
  An adder (D:2)
  4 orcs (D:3)
  3 goblins
  4 hobgoblins
  2 kobolds (D:1)
  A giant newt (D:2)
  A jackal (D:1)
  2 rats (D:1)
  A fungus (D:3)
19 creatures vanquished.

Vanquished Creatures (others)
  A goblin skeleton (D:3)
  A giant cockroach zombie (D:1)
  A giant gecko zombie (D:3)
  3 goblin zombies (D:3)
  2 hobgoblin zombies (D:3)
  A jackal zombie (D:1)
  2 kobold zombies
  An orc skeleton (D:3)
  5 orc zombies (D:3)
  A rat zombie (D:3)
18 creatures vanquished.

Grand Total: 111 creatures vanquished

Table legend:
 A = Turns spent in this place as a percentage of turns spent in the entire game.
 B = Non-inter-level travel turns spent in this place as a percentage of non-inter-level travel turns spent in the entire game.
 C = Inter-level travel turns spent in this place as a percentage of turns spent in this place.
 D = Turns resting spent in this place as a percentage of non-inter-level travel turns spent in this place.
 E = Turns spent auto-exploring this place as a percentage of non-inter-level travel turns spent in this place.
 F = Non-inter-level travel turns spent in this place divided by the number of levels of this place that you've seen.
                   A       B       C       D       E      F
               +-------+-------+-------+-------+-------+----------------------
         Total | 100.0 | 100.0 |   0.6 |   7.8 |  10.3 | 259.8
       Dungeon | 100.0 | 100.0 |   0.6 |   7.8 |  10.3 | 259.8
               +-------+-------+-------+-------+-------+----------------------
